 Dungeon Crawl Stone Soup version 0.24-a0-619-gb7544fd (webtiles) character file.

Game seed: 18434602652174550916, levelgen mode: deterministic

1684 BoppinsLewinski the Spear-Bearer (level 8, -9/57 HPs)
             Began as a Demonspawn Gladiator on Sept 16, 2019.
             Killed by divine providence
             ... invoked by an orc priest
              (10 damage)
             ... on level 7 of the Dungeon.
             The game lasted 00:18:06 (6520 turns).

BoppinsLewinski the Spear-Bearer (DsGl)             Turns: 6520, Time: 00:18:06

Health: -9/57      AC:  8    Str: 22    XL:     8   Next: 71%
Magic:  0/9        EV:  9    Int:  8    God:
Gold:   302        SH:  0    Dex: 12    Spells: 7/7 levels left

rFire    . . .     SeeInvis .   a - +0 trident
rCold    . . .     Gourm    .   (no shield)
rNeg     . . .     Faith    .   k - +0 chain mail
rPois    .         Spirit   +   (helmet restricted)
rElec    .         Reflect  .   (no cloak)
rCorr    .         Harm     .   (no gloves)
MR       +....                  (no boots)
Stlth    ..........             (no amulet)
HPRegen  0.19/turn              g - ring of protection from magic
MPRegen  0.22/turn              (no ring)

@: mighty
A: antennae 2, talons 1, clumsy 1, dopey 1, magic shield, magic regeneration,
MP-powered wands
a: no special abilities


You were on level 7 of the Dungeon.
You were not hungry.

You visited 1 branch of the dungeon, and saw 7 of its levels.

You collected 302 gold pieces.

Inventory:

Hand Weapons
 a - a +0 trident (weapon)
Missiles
 d - a throwing net (quivered)
Armour
 b - a +0 leather armour
 c - a +0 helmet
 k - a +0 chain mail (worn)
 A - the cursed +1 ring mail of Foolhardiness {rPois rF- Int+6}
   (You found it on level 6 of the Dungeon)

   It affects your intelligence (+6).
   It makes you vulnerable to fire.
   It protects you from poison.
   It has a curse placed upon it.
Jewellery
 g - a ring of protection from magic (left hand)
Wands
 p - a wand of iceblast (7)
 q - a wand of acid (12)
Scrolls
 e - a scroll of amnesia
 h - 6 scrolls of magic mapping
 l - 3 scrolls of remove curse
 n - 4 scrolls of enchant weapon
 o - a scroll of enchant armour
 r - 5 scrolls of teleportation
Potions
 j - a potion of degeneration
 m - a potion of flight
 w - 2 potions of brilliance
 x - a potion of haste
Comestibles
 f - 8 rations


   Skills:
 + Level 2.5 Fighting
 + Level 10.1 Polearms
 - Level 1.7 Throwing
 + Level 1.1 Armour
 + Level 3.1 Dodging
 + Level 1.3 Evocations


You had 7 spell levels left.
You didn't know any spells.
Your spell library was empty.

Dungeon Overview and Level Annotations

Branches:
Dungeon (7/15)
 Temple: D:4-7

Altars:
Ashenzari
Dithmenos
Gozag
Sif Muna
Zin
The Shining One


Innate Abilities, Weirdness & Mutations

You have a pair of antennae on your head.
When hurt, damage is shared between your health and your magic reserves.
You regenerate magic rapidly.
You have sharp toenails.
You are clumsy. (Dex -2)
You are dopey. (Int -2)
You expend magic power (3 MP) to strengthen your wands.


Message History

Tha orc priest misses ye.
Ye puncture tha orc priest!
Yer kick misses tha orc priest.
Tha orc priest be almost dead.
Tha orc priest calls down tha wrath o' Beogh upon ye.
Beogh smites ye!
* * * LOW HITPOINT WARNIN'
* * * Unknown command.
Okay, than.
Unknown command.
Unknown command.
Okay, than.
Unknown command.
Unknown command.
Unknown command.
Yer chain mail prevents ye from hittin' tha orc priest.
Yer kick misses tha orc priest.
Tha orc priest be almost dead.
Tha orc priest calls down tha wrath o' Beogh upon ye.
Beogh smites ye!
Ye die...

# ..#
##########....#
#...§§§@oo§...#
#.#######o.)o.#
#...# .oo.<
###.##### ....
########.....#
...
#.........##.#
#.
#.........##.#
#.........##.#
#.........##.#


You could see 3 orc priests.

Vanquished Creatures
  2 centaur zombies
  2 sky beasts (D:5)
  2 ogres (D:6)
  A necrophage (D:5)
  A bullfrog (D:6)
  A scorpion (D:6)
  A killer bee (D:7)
  A crimson imp (D:5)
  3 hounds
  A jelly (D:6)
  2 orc priests
  A bullfrog skeleton (D:4)
  3 centaur skeletons
  4 orc wizards
  2 iguanas
  2 worker ants (D:4)
  A hound skeleton (D:7)
  4 gnolls
  6 adders
  A shadow imp (D:7)
  3 oozes
  2 worms (D:4)
  A dart slug (D:3)
  A leopard gecko (D:1)
  6 orcs
  2 ball pythons (D:2)
  10 bats
  6 giant cockroaches
  14 goblins
  6 hobgoblins
  3 quokkas (D:7)
  2 frilled lizards
  8 kobolds
  6 rats
111 creatures vanquished.

Notes
Turn   | Place    | Note
-------+----------+-------------------------------------------
     0 | D:1      | BoppinsLewinski the Demonspawn Gladiator began the quest
                  | for the Orb.
     0 | D:1      | Reached XP level 1. HP: 16/16 MP: 1/1
   270 | D:1      | Reached skill level 3 in Polearms
   444 | D:1      | Gained mutation: When hurt, damage is shared between your
                  | health and your magic reserves. [demonic ancestry]
   444 | D:1      | Reached XP level 2. HP: 19/22 MP: 2/2
   932 | D:2      | Reached XP level 3. HP: 27/27 MP: 1/3
  1051 | D:2      | Reached skill level 4 in Polearms
  1808 | D:1      | Reached XP level 4. HP: 32/33 MP: 4/4
  2515 | D:3      | Reached skill level 5 in Polearms
  2574 | D:3      | Gained mutation: You have sharp toenails. [potion of
                  | mutation]
  2574 | D:3      | Gained mutation: You are clumsy. (Dex -2) [potion of
                  | mutation]
  2574 | D:3      | Gained mutation: You are dopey. (Int -2) [potion of
                  | mutation]
  2574 | D:3      | Gained mutation: You expend magic power (3 MP) to
                  | strengthen your wands. [potion of mutation]
  3018 | D:3      | Reached XP level 5. HP: 37/38 MP: 3/5
  3086 | D:3      | Found a faded altar of an unknown god.
  3730 | D:4      | Reached skill level 6 in Polearms
  3733 | D:4      | Gained mutation: You have a pair of small antennae on your
                  | head. [demonic ancestry]
  3733 | D:4      | Reached XP level 6. HP: 28/44 MP: 4/6
  4254 | D:4      | Noticed an angel
  4255 | D:4      | Found a glowing silver altar of Zin.
  4379 | D:4      | Found a shadowy altar of Dithmenos.
  4381 | D:4      | Found a shattered altar of Ashenzari.
  4450 | D:5      | Entered Level 5 of the Dungeon
  4450 | D:5      | Noticed a sky beast
  4459 | D:5      | Killed a sky beast
  4493 | D:5      | Reached skill level 7 in Polearms
  4582 | D:5      | Gained mutation: You regenerate magic rapidly. [demonic
                  | ancestry]
  4582 | D:5      | Reached XP level 7. HP: 40/50 MP: 4/7
  4675 | D:5      | Reached skill level 8 in Polearms
  4923 | D:5      | Reached skill level 9 in Polearms
  4923 | D:5      | Gained mutation: You have a pair of antennae on your head.
                  | [demonic ancestry]
  4923 | D:5      | Reached XP level 8. HP: 35/56 MP: 6/8
  5079 | D:5      | Found a glowing golden altar of the Shining One.
  5131 | D:5      | Found an opulent altar of Gozag.
  5310 | D:6      | Found a shimmering blue altar of Sif Muna.
  5626 | D:6      | Got a pitted ring mail
  5864 | D:6      | Reached skill level 10 in Polearms
  6251 | D:6      | Identified the cursed +1 ring mail of Foolhardiness {rPois
                  | rF- Int+6} (You found it on level 6 of the Dungeon)
  6366 | D:7      | Reached skill level 1 in Evocations
  6386 | D:7      | Reached skill level 1 in Armour
  6519 | D:7      | HP: 1/57 [orc priest/divine providence (7)]
  6520 | D:7      | Killed from afar by an orc priest

Levels and vault maps discovered:
D:1:      minmay_arrival_glassed_features, layout_rooms
D:2:      layout_loops_ring, kennysheep_generic_room_2
D:3:      layout_basic, chequers_ecumenical_altar_grove, minmay_goblin_outpost
D:4:      layout_basic, zin_angel, nicolae_overflow_hidden_temple,
          minmay_temple_entry_from_below_a, serial_bayou, serial_bayou_ford_a,
          serial_bayou_pond_e, serial_bayou_pond_e, serial_bayou_pond_d
D:5:      layout_rooms, nicolae_gozag_seed_capital,
          nicolae_overflow_crystal_walls, first_ration, serial_glass,
          glass_columns_a, glass_columns_a
D:6:      layout_loops_ring, led_sif_pool
D:7:      layout_basic, uniq_menkaure, uniq_joseph, uniq_prince_ribbit1

Skill      XL: |  1  2  3  4  5  6  7  8 |
---------------+-------------------------+-----
Polearms       | 3 4 5 6 7 9 10 | 10.1
Evocations     | 1 |  1.3
Dodging        | 3 |  3.1
Armour         | 1 |  1.1
Fighting       | |  2.5
Throwing       | |  1.7

Action                   |  1- 3 |  4- 6 |  7- 9 || total
-------------------------+-------+-------+-------++-------
Melee: Trident           |   165 |   241 |   182 ||   588
       Kick              |       |    33 |    40 ||    73
Throw: Throwing net      |     1 |       |     2 ||     3
  Use: Potion            |     4 |     5 |     2 ||    11
       Scroll            |       |       |    14 ||    14
 Stab: Held in net/web   |     1 |       |       ||     1
       Invisible         |       |     1 |     2 ||     3
  Eat: Chunk             |     2 |     7 |     3 ||    12
       Ration            |       |     1 |     1 ||     2
Armor: Leather armour    |    13 |       |       ||    13
       Chain mail        |    89 |   107 |    61 ||   257
       Skin              |     1 |       |       ||     1
Dodge: Dodged            |    69 |    72 |    30 ||   171

Table legend:
 A = Non-vault XP
 B = Vault XP
 C = Vault XP percentage of total XP
 D = Non-vault monster count
 E = Vault monster count
 F = Vault count percentage of total count
                 A         B        C        D         E       F
            +---------+---------+-------+---------+---------+-------
      Total |    2384 |      22 |   0.9 |     100 |      11 |   9.9
            +---------+---------+-------+---------+---------+-------
        D:1 |      55 |       0 |   0.0 |      18 |       0 |   0.0
        D:2 |      69 |       4 |   5.5 |      19 |       2 |   9.5
        D:3 |      64 |      18 |  22.0 |      14 |       9 |  39.1
        D:4 |     266 |       0 |   0.0 |      13 |       0 |   0.0
        D:5 |    1135 |       0 |   0.0 |      16 |       0 |   0.0
        D:6 |     536 |       0 |   0.0 |       8 |       0 |   0.0
        D:7 |     259 |       0 |   0.0 |      12 |       0 |   0.0
            +---------+---------+-------+---------+---------+-------
